AoeStats
← 150490644@

Four Lakes

507438351Analyzed
1v1 RM · 14d ago on Sep 18, 2026· 30m 7s· 2 players
Game mode
Random Map
Map size
Tiny (2 player)
Population
200
Speed
Normal
Resources
Standard
Victory
Conquest
Starting age
Dark Age
Ending age
Imperial Age
RankedLock teamsTeams togetherTeam positionsShared explorationLock speedFull tech treeHidden civsTurbo modeCheats
Victory
Defeat
🇮🇹 Franks · Italy
996
+17
🇨🇭 Franks · Switzerland
1011
-17
150490644@
7:23 Loom
9:28 Feudal Age
10:01 Double-Bit Axe
19:35 Castle Age
18:08 Gold Mining
18:57 Wheelbarrow
19:03 Scale Barding Armor
19:34 Forging
20:21 Husbandry
20:37 Bow Saw
23:24 Hand Cart
24:59 Chain Barding Armor
27:43 Town Watch
28:48 Gold Shaft Mining
CreepSmoothie
0:47 Loom
10:49 Feudal Age
17:19 Castle Age
15:31 Double-Bit Axe
17:17 Scale Barding Armor
17:22 Forging
21:36 Iron Casting
21:41 Bow Saw
26:31 Chain Barding Armor
26:59 Fishing Lines
27:46 Husbandry
Connection lost

Rejoining the realm…

Still unreachable

The connection could not be restored.

Session expired

The server has moved on; the page needs a fresh start.